 Dungeon Crawl Stone Soup version 0.15.0-14-g6bbbb5c (webtiles) character file.

118 Johnny the Gusty (level 4, -4/34 HPs)
             Began as a Demigod Air Elementalist on Sept 5, 2014.
             Slain by a gnoll
             ... wielding a +0 halberd
              (11 damage)
             ... on Level 2 of the Dungeon.
             The game lasted 00:10:43 (2802 turns).

Johnny the Gusty (Demigod Air Elementalist)         Turns: 2802, Time: 00:10:45

HP  -4/34        AC  3     Str 13      XL: 4   Next: 45%
MP   1/11        EV 11     Int 20      God:
Gold 102         SH  0     Dex 16      Spells:  2 memorised,  4 levels left

rFire  . . .     SeeInvis .     l - +0 spear
rCold  . . .     Clarity  .     e - +0 leather armour
rNeg   . . .     rCorr    .     (no shield)
rPois  .         rRot     .     (no helmet)
rElec  .         Spirit   .     (no cloak)
SustAb .         Warding  .     (no gloves)
rMut   .         Stasis   .     (no boots)
Gourm  .                        (no amulet)
MR     .....                    (no ring)
                                (no ring)

@: lethally poisoned, very slightly contaminated, not resistant to hostile
enchantments, unstealthy
A: no striking features
a: no special abilities


You were on level 2 of the Dungeon.
You were not hungry.

You visited 1 branch of the dungeon, and saw 2 of its levels.

You collected 102 gold pieces.

Inventory:

Hand weapons
 d - a +0 dagger
 l - a +0 spear (weapon)
Armour
 a - a +0 robe
 e - a +0 leather armour (worn)
Comestibles
 f - 2 fruits
 o - a slice of pizza
Scrolls
 c - a scroll of recharging {unknown}
 g - a scroll of teleportation
 j - a scroll of enchant armour
 k - a scroll of magic mapping
 m - a scroll of enchant weapon {unknown}
Jewellery
 n - an uncursed ring of sustain abilities {unknown}
Potions
 h - a potion of curing {unknown}
 i - a potion of might {unknown}
Books
 b - a book of Air

   Spells                             Type                      Level
   *Shock                             Conjuration/Air              1
   Swiftness                          Charms/Air                   2
   Repel Missiles                     Charms/Air                   2
   Flight                             Charms/Air                   3
   *Static Discharge                  Conjuration/Air              3
   Lightning Bolt                     Conjuration/Air              5


   Skills:
 + Level 0.3 Fighting
 + Level 0.1 Polearms
 + Level 0.6 Armour
 + Level 2.1 Dodging
 + Level 1.9 Stealth
 + Level 2.8 Spellcasting
 + Level 1.5 Conjurations
 + Level 3.4 Air Magic


You had 4 spell levels left.
You knew the following spells:

 Your Spells              Type           Power        Failure   Level  Hunger
a - Shock                 Conj/Air       ##..         6%          1    None
b - Static Discharge      Conj/Air       ##......     17%         3    ###....


Dungeon Overview and Level Annotations

Branches:
Dungeon (2/15)


Message History

Confirm with . or Enter, or press ? or * to list all spells.
You miscast Static Discharge.
You feel a strange surge of energy! The adder completely misses you.
The gnoll hits you from afar with a halberd.
The adder bites you.
* * * LOW HITPOINT WARNING * * *
The adder bites you.
* * * LOW HITPOINT WARNING * * *
You are poisoned.
The adder poisons you!
Casting: Static Discharge
Confirm with . or Enter, or press ? or * to list all spells.
Aiming: Shock
Press: ? - help, Shift-Dir - straight line, f/p - adder
Aim: an adder The zap misses the adder.
The zap hits the gnoll.
The gnoll is almost dead.
You feel sick. The adder closely misses you.
The gnoll hits you from afar with a halberd!
You die...

#.......................
K #.###.................#
.g #.# #............# #.#
.S. #####.#
#............####.###....
......#
#..............).........
.######
#...........#####.#######
.# #.........g.#......#
.# #........S..#.###..#
.# #.......@.....#
#..####.. .#
#.............# #.......#
.# #.............#
#.#####.. .###
#............)# #.# ...#
#..........##%###%# ##.#
#############..##.## #.#
##.#...# #.# ####.....#
#.#### ###........#


You could see a gnoll and an adder.

Vanquished Creatures
  2 gnolls (D:2)
  3 adders (D:2)
  5 worms (D:2)
  A giant gecko (D:2)
  An ooze (D:1)
  3 bats
  3 giant cockroaches (D:1)
  2 goblins (D:1)
  7 hobgoblins
  A jackal (D:1)
  6 kobolds
  2 giant newts
  6 rats
42 creatures vanquished.

Notes
Turn   | Place    | Note
--------------------------------------------------------------
     0 | D:1      | Johnny, the Demigod Air Elementalist, began the quest for the Orb.
     0 | D:1      | Reached XP level 1. HP: 14/14 MP: 3/3
   278 | D:1      | Reached skill level 3 in Air Magic
   455 | D:1      | Reached XP level 2. HP: 11/20 MP: 0/4
  1214 | D:1      | Reached skill level 1 in Conjurations
  1548 | D:2      | Reached XP level 3. HP: 16/26 MP: 3/8
  1797 | D:2      | Learned a level 3 spell: Static Discharge
  2243 | D:2      | Reached XP level 4. HP: 8/33 MP: 0/11
  2802 | D:2      | Slain by a gnoll

Action                   |  1- 3 |  4- 6 || total
-------------------------+-------+-------++-------
Melee: Dagger            |    25 |       ||    25
       Unarmed           |     3 |       ||     3
       Spear             |    57 |     6 ||    63
 Cast: Shock             |    73 |    21 ||    94
       Static Discharge  |     4 |       ||     4
  Use: Scroll            |     3 |       ||     3
 Stab: Sleeping          |     1 |       ||     1
  Eat: Bread ration      |     1 |     1 ||     2
